 Dungeon Crawl Stone Soup version 0.24-a0-447-ge8da9206dc (webtiles) character file.

Game seed: 9589388875661707547

4107 pk666 the Thaumaturge (level 10, -2/50 HPs)
             Began as a Deep Elf Wizard on June 25, 2019.
             Was a Believer of Vehumet.
             Slain by an orc wizard
             ... wielding a +2 dagger of electrocution
              (16 damage)
             ... on level 8 of the Dungeon.
             The game lasted 00:26:18 (10423 turns).

pk666 the Thaumaturge (Deep Elf Wizard)            Turns: 10423, Time: 00:26:18

Health: -2/50      AC:  6    Str:  4    XL:     10   Next: 6%
Magic:  0/27       EV: 13    Int: 27    God:    Vehumet [**....]
Gold:   304        SH:  0    Dex: 13    Spells: 20/31 levels left

rFire    . . .     SeeInvis .   r - +2 dagger (freeze)
rCold    . . .     Gourm    .   (no shield)
rNeg     . . .     Faith    .   a - +0 robe
rPois    .         Spirit   +   b - +0 hat
rElec    .         Reflect  .   G - +0 cloak
rCorr    .         Harm     .   o - +2 pair of gloves
MR       +....                  (no boots)
Stlth    +++.......             z - amulet of guardian spirit
HPRegen  0.16/turn              f - ring of wizardry
MPRegen  0.20/turn              t - ring of stealth

@: no status effects
A: no striking features
a: Renounce Religion


You were on level 8 of the Dungeon.
You worshipped Vehumet.
Vehumet was pleased with you.
You were not hungry.

You visited 2 branches of the dungeon, and saw 9 of its levels.

You collected 304 gold pieces.

Inventory:

Hand Weapons
 r - a +2 dagger of freezing (weapon)
Armour
 a - a +0 robe (worn)
 b - a +0 hat (worn)
 o - a +2 pair of gloves (worn)
 G - a +0 cloak (worn)
Magical Staves
 x - an uncursed staff of death
Jewellery
 f - a ring of wizardry (left hand)
 t - a ring of stealth (right hand)
 z - an amulet of guardian spirit (around neck)
Wands
 l - a wand of iceblast (11)
 B - a wand of flame (24)
 H - a wand of scattershot (4)
 J - a wand of enslavement (5)
Scrolls
 c - 4 scrolls of identify
 e - 6 scrolls of teleportation
 i - a scroll of enchant armour {unknown}
 k - 3 scrolls of remove curse
 m - a scroll of magic mapping {unknown}
 s - a scroll of fog {unknown}
 u - a scroll of amnesia {unknown}
 v - a scroll of immolation {unknown}
 y - 3 scrolls of enchant weapon {unknown}
 A - a scroll of fear {unknown}
 F - a scroll of summoning {unknown}
Potions
 g - 3 potions of invisibility
 h - 2 potions of heal wounds {unknown}
 j - 3 potions of degeneration {unknown}
 n - a potion of agility
 p - 2 potions of curing {unknown}
 q - a potion of brilliance {unknown}
 w - 2 potions of mutation {unknown}
 C - a potion of flight {unknown}
 D - a potion of cancellation {unknown}
 E - a potion of might {unknown}
Comestibles
 d - 12 rations
 I - 2 chunks of flesh


   Skills:
 - Level 3.1 Dodging
 - Level 2.4 Stealth
 + Level 11.0 Spellcasting
 + Level 8.5 Conjurations
   Level 1.1 Summonings
 - Level 3.1 Translocations
 + Level 8.8 Fire Magic
 - Level 2.0 Air Magic
 - Level 3.0 Poison Magic


You had 20 spell levels left.
You knew the following spells:

 Your Spells              Type           Power        Failure   Level  Hunger
a - Magic Dart            Conj           ####         1%          1    None
b - Blink                 Tloc           N/A          1%          2    None
c - Conjure Flame         Conj/Fire      ######..     1%          3    None
d - Mephitic Cloud        Conj/Pois/Air  #####...     1%          3    None
e - Searing Ray           Conj           ######       1%          2    None

Your spell library contained the following spells:

 Spells                   Type           Power        Failure   Level  Hunger
 Beastly Appendage        Tmut           ##....       1%          1    None
 Call Imp                 Summ           ###.....     1%          2    None
 Slow                     Hex            ##......     2%          2    None
 Sticks to Snakes         Tmut           ##......     2%          2    None
 Spider Form              Tmut/Pois      ###.......   2%          3    None
 Ice Form                 Ice/Tmut       ##......     16%         4    None
 Blade Hands              Tmut           ##........   38%         5    ###....


Dungeon Overview and Level Annotations

Branches:
Dungeon (8/15)             Temple (1/1) D:5
   Lair: D:8-11

Altars:
Ashenzari
Cheibriados
Elyvilon
Fedhas
Gozag
Hepliaklqana
Makhleb
Nemelex Xobeh
Okawaru
Ru
Trog
Uskayaw
Vehumet
Xom
Yredelemnul
Zin
The Shining One

Shops:
D:7 (


Message History

The orc wizard hits you but does no damage.
You are electrocuted!
You closely miss the orc wizard.
The orc wizard is almost dead.
The orc wizard mumbles some strange words.
The orc wizard flickers and vanishes!
Deactivating autopickup; reactivate with Ctrl-A.
You hit something but do no damage.
You hear some strange, mumbled words.
A puff of flame appears from out of thin air!
The puff of flame hits you but does no damage.
You miss something. Something hits you.
You closely miss something.
You hear some strange, mumbled words.
You hit something but do no damage. Something hits you.
You miss something. Something hits you.
You are electrocuted!
Something hits you.
* * * LOW HITPOINT WARNING * * *
You are electrocuted!
You die...

♣PPP...# #.#
###..## #..
#♣P♣...# #.# #....#
... #.. ♣PP.P.###.#
#.##.# ...####
#♣PP♣...##.#
##.##.# ....###
#PPPPP..##.#
#..##.# #.....
###♣.....#.#
#.###.. ##.###
..'..^.....# #.#
##.## #.##.
>.'...g....#####.#
.... #....
..'..o..(..##).{@#
#..###..#.
###....÷...##.#####
#........
#♣PP..##........#
####..... .
♣P♣..##........#
##....... .
♣♣PP.##..<.....#
##..O..##.
..#♣P♣...#.########
##...##....
gg#PPPP..#.#
##(.#.#...#.
.g#.....##..#
#####..##.#.#.#.
$?#.....###.#
###.....###.#.#.#.


There were no monsters in sight!

Vanquished Creatures
  A two-headed ogre (D:8)
  Pikel (D:6)
  A hippogriff (D:8)
  A sky beast (D:6)
  4 orc warriors
  2 phantoms
  2 ice beasts
  2 slaves (D:6)
  An ogre (D:5)
  2 centaurs
  5 bullfrogs
  A big kobold (D:8)
  2 scorpions
  A water moccasin skeleton (D:5)
  2 wights (D:7)
  A howler monkey (D:4)
  5 crimson imps
  5 hounds
  2 orc priests
  3 bullfrog skeletons
  2 jellies (D:5)
  5 orc wizards
  Jessica (D:2)
  A centaur skeleton (D:7)
  An iguana (D:8)
  4 worker ants
  A hound zombie (D:7)
  A howler monkey zombie (D:7)
  A worker ant zombie (D:6)
  14 adders
  5 gnolls
  2 adder skeletons
  6 worms
  A dart slug (D:2)
  7 leopard geckos
  21 orcs
  5 bats
  5 giant cockroaches
  4 goblins
  5 hobgoblins
  6 jackals
  2 quokkas
  A ball python (D:2)
  6 frilled lizards
  7 kobolds
  A leopard gecko skeleton (D:5)
  A quokka skeleton (D:4)
  6 rats
166 creatures vanquished.

Vanquished Creatures (others)
  A plant (D:8)
1 creature vanquished.

Grand Total: 167 creatures vanquished

Notes
Turn   | Place    | Note
-------+----------+-------------------------------------------
     0 | D:1      | pk666 the Deep Elf Wizard began the quest for the Orb.
     0 | D:1      | Reached XP level 1. HP: 10/10 MP: 7/7
   866 | D:2      | Reached XP level 2. HP: 15/15 MP: 6/9
  1225 | D:2      | Reached skill level 5 in Spellcasting
  1225 | D:2      | Reached XP level 3. HP: 18/19 MP: 3/11
  1290 | D:2      | Learned a level 2 spell: Blink
  1294 | D:2      | Learned a level 3 spell: Conjure Flame
  1298 | D:2      | Learned a level 3 spell: Mephitic Cloud
  1371 | D:2      | Noticed Jessica
  1376 | D:2      | Killed Jessica
  1479 | D:2      | Reached XP level 4. HP: 24/24 MP: 8/13
  1762 | D:2      | Reached skill level 1 in Fire Magic
  1762 | D:2      | Reached skill level 1 in Air Magic
  2350 | D:3      | Reached skill level 1 in Poison Magic
  2606 | D:3      | Found an opulent altar of Gozag.
  2639 | D:3      | Reached XP level 5. HP: 28/28 MP: 8/14
  3064 | D:4      | Noticed a phantom
  3102 | D:4      | Killed a phantom
  3270 | D:4      | Reached XP level 6. HP: 27/32 MP: 0/16
  3776 | D:4      | Noticed an ice beast
  3793 | D:4      | Killed an ice beast
  3793 | D:4      | Reached skill level 6 in Spellcasting
  4111 | D:4      | Got a fine whip
  4112 | D:4      | Identified the +4 whip of Sokoff {drain, *Rage rPois Str+4
                  | Dex+2} (You found it on level 4 of the Dungeon)
  4423 | D:5      | Entered Level 5 of the Dungeon
  4450 | D:5      | Reached XP level 7. HP: 36/36 MP: 10/18
  5000 | D:5      | Found a staircase to the Ecumenical Temple.
  5029 | Temple   | Entered the Ecumenical Temple
  5207 | Temple   | Became a worshipper of Vehumet
  5276 | D:5      | Found an opulent altar of Gozag.
  5404 | D:5      | Reached skill level 7 in Spellcasting
  5672 | D:5      | Reached skill level 5 in Conjurations
  5672 | D:5      | Reached XP level 8. HP: 41/41 MP: 12/21
  6047 | D:6      | Reached skill level 5 in Fire Magic
  6104 | D:6      | Reached skill level 8 in Spellcasting
  6791 | D:6      | Found a hazy altar of Hepliaklqana.
  6829 | D:6      | Found an iron altar of Okawaru.
  6951 | D:6      | Found a glowing golden altar of the Shining One.
  6951 | D:6      | Found a glowing silver altar of Zin.
  6952 | D:6      | Found a white marble altar of Elyvilon.
  7101 | D:6      | Noticed Pikel
  7122 | D:6      | Killed Pikel
  7122 | D:6      | Reached skill level 9 in Spellcasting
  7122 | D:6      | Reached XP level 9. HP: 40/45 MP: 8/24
  7456 | D:7      | Reached * piety under Vehumet
  7456 | D:7      | Offered knowledge of Flame Tongue by Vehumet.
  8092 | D:7      | Found a hide-covered altar of Uskayaw.
  8581 | D:7      | Found Zesisel's Antique Weapon Shop.
  8968 | D:8      | Reached skill level 10 in Spellcasting
  9432 | D:8      | Noticed a two-headed ogre
  9748 | D:7      | Offered knowledge of Searing Ray by Vehumet.
  9975 | D:8      | Learned a level 2 spell: Searing Ray
  9981 | D:8      | Killed a two-headed ogre
  9981 | D:8      | Reached ** piety under Vehumet
  9981 | D:8      | Reached XP level 10. HP: 38/50 MP: 7/26
 10271 | D:8      | Reached skill level 11 in Spellcasting
 10423 | D:8      | Slain by an orc wizard

Levels and vault maps discovered:
D:1:      ncdulo_lavacross, layout_basic
D:2:      layout_loops_ring, minmay_quadrilaterals, uniq_jessica
D:3:      layout_basic, nicolae_gozag_cash_rules_everything_around_me
D:4:      layout_basic
D:5:      layout_basic, minmay_temple_entry_slanted, first_ration, basic_altar
D:6:      layout_basic, good_gods_temple_1, kennysheep_mini_moat,
          lemuel_doored_altar, uniq_pikel
D:7:      layout_cave_pools, eat_drink_and_be_merry_uskayaw,
          minmay_shop_grid_forest, chequers_serial_rivers_micro_d
D:8:      kennysheep_housing_project, layout_rooms, minitemple, led_sif_pool
Temple:   dpeg_chambers_temple

Skill      XL: |  1  2  3  4  5  6  7  8  9 10 |
---------------+-------------------------------+-----
Dodging        | 3 |  3.1
Conjurations   | 2 3 5 6 8 |  8.5
Spellcasting   | 5 6 7 9 10 11 | 11.0
Fire Magic     | 1 2 4 6 8 |  8.8
Air Magic      | 1 2 |  2.0
Poison Magic   | 1 2 3 |  3.0
Translocations | 2 3 |  3.1
Stealth        | |  2.4
Summonings     | |  1.1

Action                   |  1- 3 |  4- 6 |  7- 9 | 10-12 || total
-------------------------+-------+-------+-------+-------++-------
Melee: Dagger            |       |       |    38 |    15 ||    53
 Cast: Magic Dart        |    71 |   203 |   366 |    40 ||   680
       Conjure Flame     |       |     4 |    30 |     1 ||    35
       Mephitic Cloud    |       |     1 |    25 |     1 ||    27
       Searing Ray       |       |       |     2 |       ||     2
       Blink             |       |       |     1 |       ||     1
  Use: Scroll            |       |       |     4 |       ||     4
 Stab: Confused          |       |       |     4 |       ||     4
  Eat: Chunk             |     1 |     8 |    13 |       ||    22
       Ration            |       |       |     1 |     1 ||     2
Armor: Robe              |       |    14 |    28 |     4 ||    46
Dodge: Dodged            |    11 |    26 |    77 |     5 ||   119

Table legend:
 A = Non-vault XP
 B = Vault XP
 C = Vault XP percentage of total XP
 D = Non-vault monster count
 E = Vault monster count
 F = Vault count percentage of total count
                 A         B        C        D         E       F
            +---------+---------+-------+---------+---------+-------
      Total |    4948 |     920 |  15.7 |     149 |      15 |   9.1
            +---------+---------+-------+---------+---------+-------
        D:1 |       8 |       0 |   0.0 |       5 |       0 |   0.0
        D:2 |      68 |      66 |  49.3 |      23 |       8 |  25.8
        D:3 |      68 |       0 |   0.0 |      17 |       0 |   0.0
        D:4 |     511 |       0 |   0.0 |      18 |       0 |   0.0
        D:5 |     795 |       0 |   0.0 |      21 |       0 |   0.0
        D:6 |     887 |     651 |  42.3 |      27 |       1 |   3.6
        D:7 |     780 |       0 |   0.0 |      14 |       0 |   0.0
        D:8 |    1831 |     203 |  10.0 |      24 |       6 |  20.0
            +---------+---------+-------+---------+---------+-------
